[Event "4NCL 2022-2023"]
[Site "Daventry"]
[Date "2023.01.15"]
[Round "4.47"]
[White "Ledger, Stephen C"]
[Black "Toma, Katarzyna"]
[Result "1/2-1/2"]
[ECO "D00"]
[WhiteElo "1980"]
[BlackElo "2232"]
[Annotator "TA"]
[PlyCount "80"]
[EventDate "2022.10.20"]
[EventType "team-tourn"]
[EventCountry "ENG"]
[SourceTitle "playchess.com"]
[Source "ChessBase"]
[SourceQuality "1"]
[TimeControl "40/6000+30:2400+30"]

1. d4 Nf6 2. Bg5 d5 3. e3 c5 4. c3 Qb6 5. Qb3 Nc6 6. Nd2 {[%emt 0:04:37] D00: 1 d4 d5: Unusual lines.} Bf5 7. dxc5 Qxc5 (7... Qxb3 8. axb3 Ne4 9. Nxe4 Bxe4 10. b4 $16) 8. Ngf3 ({Don't play} 8. Qxb7 Rb8 9. Nb3 Rxb7 $17) 8... e5 9. Qb5 ({Of course not} 9. Qxb7 Rb8 10. Qa6 (10. Qc7 $2 Bd6 $19 {[%mdl 64] Trapped Piece}) 10... Rxb2 $17) (9. Bb5 $11) 9... Qxb5 $15 10. Bxb5 {[%emt 0:00:11] [#]} Nd7 {[%emt 0:00:08] [#]} 11. O-O $146 ({Predecessor:} 11. Nh4 Be6 12. e4 dxe4 13. Nxe4 f5 14. Nd2 Kf7 15. Be2 g6 16. Bc4 Bxc4 17. Nxc4 {1-0 Ubezio,M (2085)-Siclari,G (2075) Biella Vercelli Province-ch 2015 (4)}) 11... f6 12. Bh4 g5 13. Bg3 h5 {[%emt 0:00:25] Threatens to win with ...h4.} 14. h4 g4 15. Ne1 Bc5 16. Nb3 Bb6 17. Rd1 a6 18. Bd3 Be6 19. Nc2 Rg8 (19... Ne7 $17) 20. e4 d4 21. cxd4 Bxb3 22. axb3 Nxd4 23. Nxd4 Bxd4 24. Bc4 Rg7 25. Kh2 Nb6 26. Be2 Rc8 27. Rd2 {[%emt 0:01:06] Repels Rc2} Rd7 28. Rfd1 Rcd8 {[%emt 0:00:49][%cal Od4f2] ...Bxf2! is the strong threat.} 29. Kh1 (29. Rc2 $11) 29... Kf7 (29... Bxb2 $15 30. Rxd7 Nxd7) 30. f3 $11 {[%emt 0:00:53] The position is equal.} gxf3 31. gxf3 Bxb2 {[%emt 0:02:29][%mdl 64] [#] Deflection} 32. Rxd7+ Rxd7 33. f4 Kg6 34. f5+ Kh6 35. Be1 Rxd1 36. Bxd1 Bc1 37. Kg2 Nd7 38. Bb4 b6 39. Be2 Nc5 40. Bxc5 bxc5 {[%emt 0:00:06] Weighted Error Value: White=0.09 (flawless) /Black=0.07 (flawless)} 1/2-1/2

[Event "4NCL 2022-2023"]
[Site "Daventry"]
[Date "2023.01.15"]
[Round "4.48"]
[White "Haydon, David L"]
[Black "Varney, Zoe"]
[Result "1-0"]
[ECO "C77"]
[WhiteElo "2289"]
[BlackElo "1954"]
[Annotator "TA"]
[PlyCount "75"]
[EventDate "2022.10.20"]
[EventType "team-tourn"]
[EventCountry "ENG"]
[SourceTitle "playchess.com"]
[Source "ChessBase"]
[SourceQuality "1"]
[TimeControl "40/6000+30:2400+30"]

1. e4 e5 2. Nf3 Nc6 3. Bb5 a6 4. Ba4 Nf6 5. Qe2 b5 6. Bb3 Bc5 7. c3 O-O 8. d3 d6 9. Nbd2 {[%emt 0:01:20] C77: Ruy Lopez: 3...a6 4 Ba4 Nf6, unusual lines.} Bb6 10. Nf1 Ne7 11. Ng3 {[%emt 0:15:11] The position is equal.} Ng6 12. O-O {[%emt 0:03:18] [#]} Be6 $146 ({Predecessor:} 12... c6 13. a4 Be6 14. Bxe6 fxe6 15. Ng5 Qe7 16. Nh3 d5 17. Be3 Bc7 18. Nh5 Nd7 {½-½ Boulay,D (2056)-Gravel,S (2276) Montreal Class-A 2004 (4)}) 13. Be3 c5 14. Rfd1 Qc7 (14... Nf4 {keeps more tension.} 15. Qf1 Ng4 16. d4 Bxb3 17. axb3 cxd4 18. cxd4 Ne6) 15. h3 Rfe8 16. Bxe6 Rxe6 17. a4 Rd8 18. axb5 axb5 19. c4 b4 20. Nf5 Nd7 21. g3 Ree8 22. Kg2 Ngf8 23. N3h4 {[%emt 0:03:02] White has more active pieces.} (23. Bg5 $5 f6 24. Bd2 $14) 23... Ne6 24. Qg4 {[%emt 0:00:19][%cal Of5g7] Hoping for Nxg7!} Nf6 25. Qf3 {[%emt 0:00:02][%cal Of5g7] Threatens to win with Nxg7!} Ra8 $2 {[%emt 0:00:43][%mdl 8192] [#]} (25... g6 $11 {and Black stays safe.}) 26. Nxg7 $1 $18 {[%emt 0:01:26][%mdl 576] Discovered Attack} Nxg7 (26... Kxg7 27. Bh6+) 27. Qxf6 {[%emt 0:00:03] And now Bh6 would win.} Qd8 28. Qf3 {[%emt 0:00:43] aiming for Nf5.} Qd7 29. Bh6 Qe6 (29... f6 30. Bxg7 Kxg7 31. Nf5+ Kh8) 30. Bxg7 $2 (30. Rxa8 Rxa8 31. Nf5) 30... Kxg7 31. Nf5+ Kh8 32. Qg4 {[%emt 0:00:24][%csl Gf5][%cal Rg4g7] [#]} Qf6 {[%emt 0:00:02] Inhibits Qg7+.} 33. Ne3 {[%emt 0:00:28] Nd5 is the strong threat.} Rxa1 (33... Qe6 $142 34. Nd5 Ba5) 34. Rxa1 {[%emt 0:00:03] Strongly threatening Nd5.} Rg8 $2 {[%emt 0:00:08] Black is weak on the light squares} (34... Qe6 35. Ra6 Rb8) 35. Nd5 {[%emt 0:00:24][%csl LRb6,LRf6] White is clearly winning.} Qd8 36. Qf5 Rg7 37. Ra6 (37. Nxb6 $142 Rg8 38. Ra8 {[%mdl 64] Deflection} Qxa8 39. Qf6+ Rg7 40. Nxa8 h6 41. Nc7 Kg8 42. Nd5) 37... Ba5 38. Rc6 {[%emt 0:00:06] Weighted Error Value: White=0.32/Black=0.42} 1-0

[Event "4NCL 2022-2023"]
[Site "Daventry"]
[Date "2023.02.11"]
[Round "5.1"]
[White "Williams, Simon K"]
[Black "Ansell, Simon T"]
[Result "1/2-1/2"]
[ECO "D11"]
[WhiteElo "2465"]
[BlackElo "2345"]
[Annotator "TA"]
[PlyCount "68"]
[EventDate "2022.10.20"]
[EventType "team-tourn"]
[EventCountry "ENG"]
[SourceTitle "playchess.com"]
[Source "ChessBase"]
[SourceQuality "1"]
[TimeControl "40/6000+30:2400+30"]

1. d4 d5 2. c4 c6 3. Nf3 Nf6 4. Qc2 dxc4 5. e4 b5 6. b3 {[%emt 0:00:28] D11: Slav Defence: 3 Nf3 sidelines and 3...Nf6 4 e3 Bg4.} cxb3 7. axb3 e6 8. Bd3 $1 {[%emt 0:04:12][%mdl 4] is now more promising than 8.Bd2.} Bb7 9. O-O Be7 10. Bd2 a5 11. Rc1 h6 12. Nc3 Na6 13. e5 Nd7 14. Be2 {[%emt 0:02:27][%mdl 1024] White has compensation.} Nb4 15. Qe4 $36 {[%emt 0:00:11][%mdl 2048] [#] White fights for an advantage.} Qb6 $146 ({Predecessor:} 15... O-O 16. Na2 Qb6 17. Nxb4 Bxb4 18. Bd3 f5 19. exf6 Rxf6 20. Qh7+ Kf7 21. Be3 Qc7 22. Bxb5 {0-1 Erdogdu,M (2411)-Solak,D (2603) TUR-chT Ankara 2018 (1.6)}) 16. Qg4 g6 {[%emt 0:06:03] [#]} (16... Kf8 $1 $11) 17. d5 h5 $11 18. Qf4 (18. Qg3 {simplifies} Nxd5 19. Nxd5 cxd5 20. b4) 18... exd5 {[%emt 0:13:47] [#]} 19. e6 $1 fxe6 {[%emt 0:00:12][%cal Od5d4] And now ...d4! would win.} 20. Be3 Qd8 (20... c5 $1 $11 21. Nxb5 O-O-O) 21. Nxb5 {[%emt 0:13:30] White has more active pieces. The black rooks are badly placed.} e5 $2 (21... cxb5 $16 {might work better.} 22. Bxb5 Rh7) 22. Nxe5 $2 ({Only move:} 22. Qg3 $1 $18 Kf7 23. Ng5+ {[%mdl 64] Deflection} (23. Nxe5+ Nxe5 24. Qxe5 Bc8 $15) 23... Bxg5 24. Nd6+ Kg7 25. Bxg5) 22... Nxe5 (22... Rf8 $2 23. Nxc6 Rxf4 24. Nxd8 Kxd8 25. Bxf4 $18) 23. Qxe5 O-O 24. Nc7 Bf6 {[%emt 0:00:39] Against Nxa8} 25. Qe6+ (25. Qg3 $1 $11 {and White is okay.} Bxa1 26. Nxa8 (26. Qxg6+ Bg7 $17)) 25... Kg7 (25... Rf7 $19 26. Nxa8 Bc8 27. Qxc8 (27. Bb6 $2 Bxe6 {[%mdl 64] Discovered Attack} 28. Bxd8 Bxd8 $19) 27... Qxc8 28. Rxa5 Qe6) 26. Bb6 $17 Rc8 27. Rxa5 ({But not} 27. Bxa5 $2 Rxc7 28. Ra4 (28. Bxb4 $2 {loses.} Re8 $19) 28... Qe7 29. Qxe7+ Rxe7 $19) 27... Rxc7 28. Qe3 {[%emt 0:00:18][%cal Oe3g3] [#] Repels Re7} Rff7 29. Qd2 $15 {[%emt 0:02:37] [#]} Qf8 30. Bc5 (30. Ra4 $5) 30... Be7 {[%emt 0:00:31] aiming for ...Bxc5. The position is equal.} 31. Qxb4 Bxc5 32. Raxc5 Qe7 33. Bf3 {[%emt 0:00:00][%cal Of3d5] Strongly threatening Bxd5!} Rd7 34. Qd2 Qf6 {[%emt 0:00:19] An exciting game.   Weighted Error Value: White=0.26 (precise) /Black=0.30} 1/2-1/2

[Event "4NCL 2022-2023"]
[Site "Daventry"]
[Date "2023.02.11"]
[Round "5.2"]
[White "Gormally, Daniel W"]
[Black "Hebden, Mark L"]
[Result "1/2-1/2"]
[ECO "C90"]
[WhiteElo "2448"]
[BlackElo "2454"]
[Annotator "TA"]
[PlyCount "105"]
[EventDate "2022.10.20"]
[EventType "team-tourn"]
[EventCountry "ENG"]
[SourceTitle "playchess.com"]
[Source "ChessBase"]
[SourceQuality "1"]
[TimeControl "40/6000+30:2400+30"]

1. e4 e5 2. Nf3 Nc6 3. Bb5 a6 4. Ba4 Nf6 5. O-O Be7 6. Re1 b5 7. Bb3 O-O 8. d3 d6 9. c3 Na5 10. Bc2 c5 11. Nbd2 Re8 12. Nf1 h6 13. Ne3 Bf8 {[%emt 0:04:23] C90: Closed Ruy Lopez with 7...d6: Early deviations.} 14. Bd2 Nc6 15. a4 Be6 {[%emt 0:02:33] The position is equal.} 16. h3 {[%emt 0:01:07] [#]} Qd7 $146 ({Predecessor:} 16... d5 17. exd5 Nxd5 18. Ng4 f6 19. Bb1 h5 20. Ngh2 Bf7 21. axb5 axb5 22. Rxa8 Qxa8 23. Nf1 Qd8 24. Ng3 g6 25. Ne4 Be7 26. Ng3 Bf8 27. Ne4 Be7 28. Ng3 {½-½ Gomez,J (2490)-Senador,E (2298) Subic Bay op 2016 (1)}) 17. Nh2 b4 18. cxb4 cxb4 19. a5 Qb7 20. Bb3 Bxb3 $1 21. Qxb3 {[%emt 0:00:08] [#]} d5 $1 22. Nhg4 Nxg4 ({Much less strong is} 22... dxe4 23. Nxf6+ gxf6 24. dxe4 $14) 23. hxg4 dxe4 24. dxe4 Rad8 25. Nd5 Ne7 26. Nxe7+ (26. Qxb4 {simplifies} Qxb4 27. Bxb4 Nxd5 28. Bxf8 Kxf8 29. exd5 Rxd5 30. b4) 26... Bxe7 27. Be3 Qb5 28. Rac1 ({White should play} 28. Rec1 $11) 28... Qxa5 $15 29. Rc6 Qb5 $36 {[%emt 0:02:42][%mdl 2048] Wards off Bb6. Black has strong initiative.} 30. Rb6 Qd7 31. Rxa6 Qxg4 32. Qc4 Rc8 33. Qd5 Bf8 (33... Red8 {with more complications.} 34. Qxe5 Bf6 35. Rxf6 gxf6 36. Qxf6 Rd1) 34. Ra7 Qe6 35. Rd1 Qxd5 36. Rxd5 (36. exd5 $15 Bc5 37. Rb7 (37. Bxc5 Rxc5 38. d6 Rd8 $17)) 36... Rc4 37. Rdd7 f6 $1 38. f3 (38. Rac7 $17 Rxe4 39. b3) 38... Rec8 $1 $19 39. Rd2 {[%emt 0:04:39] [#]} Rc2 $1 40. Rad7 {[%emt 0:00:04] [#]} b3 ({Better is} 40... Bc5 $1 $19 41. Bxc5 R8xc5) 41. Rb7 $15 Bc5 42. Rdd7 $1 Bxe3+ 43. Kh2 Bc5 44. Rxg7+ Kf8 {[%emt 0:00:04][%cal Oc8b8] Strongly threatening ...Rb8!} 45. Rgf7+ Ke8 {[%emt 0:00:24][%cal Oc8b8] Threatens to win with ...Rb8!} 46. Rxf6 Rxb2 47. Re6+ Kd8 {[%emt 0:00:00] ...Rc7 is the strong threat.} 48. Rxh6 {[%emt 0:00:00] White threatens Rh8+ and mate.} Rc7 (48... Bf8 $11 49. Rh8 Ke8) 49. Rh8+ $14 {[%emt 0:00:00] White is slightly better.} Kd7 50. Rh7+ Be7 {[%emt 0:00:00] [#]} 51. Rxe7+ $1 {[%emt 0:00:00][%mdl 64] Deflection} Kxe7 52. Rxc7+ Kd6 53. Rc3 $1 {[%emt 0:00:00] Weighted Error Value: White=0.08 (flawless) /Black=0.11 (very precise)} 1/2-1/2

[Event "4NCL 2022-2023"]
[Site "Daventry"]
[Date "2023.02.11"]
[Round "5.3"]
[White "Eggleston, David J"]
[Black "Ledger, Andrew J"]
[Result "1/2-1/2"]
[ECO "B12"]
[WhiteElo "2364"]
[BlackElo "2313"]
[Annotator "TA"]
[PlyCount "54"]
[EventDate "2022.10.20"]
[EventType "team-tourn"]
[EventCountry "ENG"]
[SourceTitle "playchess.com"]
[Source "ChessBase"]
[SourceQuality "1"]
[TimeControl "40/6000+30:2400+30"]

1. e4 c6 2. d4 d5 3. e5 Bf5 4. h4 a6 5. g4 Bd7 {[%emt 0:00:30][%cal Oh7h5] Black is weak on the dark squares} 6. c3 {B12: Caro-Kann: Advance Variation.} e6 7. f4 c5 8. Nf3 Nc6 9. h5 {[#]} Nh6 $146 ({Predecessor:} 9... Rc8 10. Rh2 Qb6 11. a3 cxd4 12. cxd4 Na5 13. Nc3 Nb3 14. Rb1 Nxc1 15. Rxc1 Ne7 {½-½ Manik,M (2405)-Epishin,V (2557) Lingen Gutman rap op rapid 2015 (8)}) 10. Rg1 Qb6 11. Qb3 Qxb3 12. axb3 cxd4 13. Nxd4 Nxd4 14. cxd4 g6 15. hxg6 hxg6 16. Nc3 Bb4 {[%emt 0:00:30] [#]} (16... Ng8 $11) 17. Bd2 (17. Rh1 $1 $16) 17... Ng8 $11 {[%emt 0:00:30][%cal Bh6g8,Bg8e7,Be7c6,Bc6b4][%mdl 32] The position is equal.} 18. Na4 Bxd2+ 19. Kxd2 Bxa4 20. bxa4 Ne7 21. Be2 Nc6 {[%emt 0:00:30] [#] And now ...Kd7 would win.} 22. Rh1 $1 Ke7 23. Ke3 Rac8 24. Bd3 Nb4 25. Kd2 Nc6 26. Ke3 Nb4 27. Kd2 Nc6 {[%emt 0:00:30] Weighted Error Value: White=0.08 (flawless) /Black=0.10 (very precise)} 1/2-1/2

[Event "4NCL 2022-2023"]
[Site "Daventry"]
[Date "2023.02.11"]
[Round "5.4"]
[White "Bates, Richard A"]
[Black "Pert, Richard G"]
[Result "1/2-1/2"]
[ECO "E08"]
[WhiteElo "2329"]
[BlackElo "2411"]
[Annotator "TA"]
[PlyCount "52"]
[EventDate "2022.10.20"]
[EventType "team-tourn"]
[EventCountry "ENG"]
[SourceTitle "playchess.com"]
[Source "ChessBase"]
[SourceQuality "1"]
[TimeControl "40/6000+30:2400+30"]

1. d4 d5 2. c4 e6 3. Nf3 Nf6 4. g3 Bb4+ 5. Bd2 Be7 6. Bg2 O-O 7. O-O Nbd7 8. Qc2 c6 9. Bf4 Ne4 10. Nc3 g5 {[%emt 0:01:50] [#] Strongly threatening ...Nxc3. E08: Closed Catalan: Main Line: 7 Qc2.} 11. Be3 Nd6 12. cxd5 exd5 13. Rad1 Nb6 14. b3 Bf5 15. Qc1 f6 {[%emt 0:03:44] [#]} 16. Ne1 $146 ({Predecessor:} 16. Nd2 Bg6 17. f3 f5 18. Bf2 g4 19. fxg4 fxg4 20. e4 Bg5 21. exd5 cxd5 22. Nxd5 {0-1 Moayed,O (2125)-Cordova,E (2609) Olympiad-43 Batumi 2018 (2.1)}) 16... Qe8 17. f3 Qg6 18. Bf2 Rae8 19. Nd3 Bxd3 $1 20. Rxd3 f5 21. Re1 Bf6 22. Qc2 Bg7 23. Rdd1 Kh8 24. Qd3 Qf7 25. Rf1 Re6 26. e4 fxe4 {[%emt 0:11:53] Weighted Error Value: White=0.09 (flawless) /Black=0.05 (flawless)} 1/2-1/2

[Event "4NCL 2022-2023"]
[Site "Daventry"]
[Date "2023.02.11"]
[Round "5.5"]
[White "Arkell, Keith C"]
[Black "Webb, Laurence E"]
[Result "1-0"]
[ECO "A43"]
[WhiteElo "2404"]
[BlackElo "2156"]
[Annotator "TA"]
[PlyCount "137"]
[EventDate "2022.10.20"]
[EventType "team-tourn"]
[EventCountry "ENG"]
[SourceTitle "playchess.com"]
[Source "ChessBase"]
[SourceQuality "1"]
[TimeControl "40/6000+30:2400+30"]

1. d4 Nf6 2. Nf3 c5 3. d5 g6 4. Nc3 Bg7 5. e4 d6 6. Bb5+ Bd7 7. a4 O-O 8. h3 Bxb5 9. axb5 Nbd7 10. O-O Ne8 {[%emt 0:00:31] A43: Schmid Benoni.} 11. Bf4 Nc7 12. Qe2 a6 {[%emt 0:01:02] The position is equal.} 13. bxa6 Rxa6 14. Rxa6 Nxa6 {[%emt 0:00:51] [#]} 15. Nb5 $146 ({Predecessor:} 15. e5 dxe5 16. Nxe5 Nb4 17. Rd1 Bxe5 18. Bxe5 Nxc2 19. Qxc2 Nxe5 20. Qe4 Qd6 21. Nb5 {½-½ Schroll,G (2321)-Schwabeneder,F (2369) AUT-ch St Johann im Pongau 2016 (9)}) 15... Nc7 16. c3 Nxb5 17. Qxb5 Qc7 (17... Nf6 $1 $11 {remains equal.}) 18. Ra1 $16 h6 19. Ra7 {[%emt 0:08:04] White is much more active.} (19. Nd2 $16) 19... Rb8 $14 20. Nd2 Nb6 21. Qa5 {[%emt 0:06:05] [#] Nc4 would be deadly.} Rc8 22. Be3 Kh7 23. Qb5 Rb8 24. Nb1 Nc8 25. Ra5 e6 26. dxe6 fxe6 27. Nd2 Ne7 28. Ra1 Nc6 29. Nf3 b6 30. Bf4 {[%emt 0:01:34] White leaves nothing to chance now.} Rf8 31. Bg3 Be5 (31... Na5 $142) 32. Nxe5 $16 dxe5 (32... Nxe5 $16 {keeps fighting.} 33. Ra6 Rb8) 33. b4 cxb4 34. cxb4 {[%emt 0:00:23] [#] Threatens to win with Rc1.} Nd4 35. Qxe5 Qd7 (35... Qxe5 36. Bxe5 Nc6) 36. Qd6 Qxd6 37. Bxd6 $18 {[%emt 0:00:26][%mdl 4096] Endgame KRB-KRN} Rf7 38. Ra8 {[%emt 0:06:35] Black must now prevent Be5.} g5 39. Re8 Rd7 40. Be5 Nc6 41. Rxe6 Nxb4 42. Rxb6 Rd1+ (42... Nd3 $142) 43. Kh2 Nd3 (43... Nc2 $142 44. Rb7+ Kg8 45. Rg7+ Kf8) 44. Rb7+ Kg8 45. Rd7 Kf8 46. Bg7+ Ke8 47. Rd5 h5 48. f3 Kf7 49. Bc3 h4 50. g3 hxg3+ 51. Kxg3 Rg1+ 52. Kh2 Rd1 53. h4 gxh4 54. f4 Rf1 55. Rxd3 {[%emt 0:00:00] Intending Kg2 and mate.} Rxf4 {[%emt 0:00:09] KRB-KR} 56. e5 {[%emt 0:00:00] Hoping for Re3.} Rc4 57. Rf3+ Ke6 58. Rf6+ Ke7 59. Rf3 (59. Bd2 $142 Rc2 60. Rd6 Ke8 61. Kh3 Kf7 62. Rf6+ Ke8 63. Bf4 Re2 64. Kxh4) 59... Ke6 60. Kg2 Ra4 61. Rf6+ Ke7 62. Rc6 {[%emt 0:00:00] Kh3 would kill now.} Kd7 63. Rd6+ {[%emt 0:00:00] White mates.} Ke7 64. Bd4 Ra3 65. Rh6 Rg3+ 66. Kh2 Rg4 67. Bc5+ Kf7 68. Kh3 Re4 69. Bd6 {[%emt 0:00:00] Weighted Error Value: White=0.15 (very precise) /Black=0.33} ({Not} 69. Rxh4 Rxe5 70. Bd6 Re8 $14) (69. Rf6+ $142 Kg8 70. Bd6 Kh7 71. Kg2 Re3 72. Rf4 Kg6 73. Kf2 Rd3 74. Re4) 1-0

[Event "4NCL 2022-2023"]
[Site "Daventry"]
[Date "2023.02.11"]
[Round "5.6"]
[White "Duncan, Chris R"]
[Black "Kirk, Ezra"]
[Result "0-1"]
[ECO "E94"]
[WhiteElo "2174"]
[BlackElo "2427"]
[Annotator "TA"]
[PlyCount "72"]
[EventDate "2022.10.20"]
[EventType "team-tourn"]
[EventCountry "ENG"]
[SourceTitle "playchess.com"]
[Source "ChessBase"]
[SourceQuality "1"]
[TimeControl "40/6000+30:2400+30"]

1. Nf3 Nf6 2. c4 g6 3. Nc3 Bg7 4. d4 O-O 5. e4 d6 6. Be2 Nbd7 7. O-O e5 8. Be3 Qe7 9. Qc2 c6 10. Rfe1 h6 {[%emt 0:01:54] E94: King's Indian: Classical: 6 Be2 e5 7 0-0: Various Black 7th moves.} 11. Rad1 ({White should play} 11. d5 $14) 11... Ng4 $11 12. Bc1 exd4 {[%emt 0:01:09] The position is equal.} 13. Nxd4 (13. Rxd4 $11 Bxd4 14. Nxd4) 13... Nxf2 $1 $17 {[%emt 0:04:05][%mdl 64] Decoy} 14. Kxf2 {[%emt 0:00:52] [#]} (14. Nxc6 $142 bxc6 15. Kxf2) 14... Qh4+ $1 (14... Bxd4+ 15. Rxd4 Qh4+ 16. g3 Qxh2+ 17. Ke3 $11) 15. Kf1 (15. Kg1 $17 Bxd4+ {[%mdl 64] Deflection} 16. Rxd4 Qxe1+ 17. Bf1) 15... Bxd4 $19 {[%emt 0:02:07][%csl Gd4][%cal Rh4f2] [#]} ({Don't play} 15... Qxh2 16. Nf3 Qg3 17. Qd3 $18) 16. Bf3 $146 (16. Rxd4 $142 Qf6+ 17. Bf3 Qxd4 18. Bxh6) ({Predecessor:} 16. Rxd4 Qf6+ 17. Bf3 Qxd4 18. Bxh6 Re8 19. Rd1 Qxc4+ 20. Be2 Qc5 21. Qd2 Nf6 22. Qxd6 Qxd6 23. Rxd6 Nxe4 24. Nxe4 Rxe4 {0-1 Wagner,D (2581)-Jones,G (2670) EU-ch qual Online 2020 (9)}) 16... Bg7 17. Kg1 Ne5 (17... Be5 18. g3 Qf6 19. Rf1 $17) 18. Qf2 Qxf2+ 19. Kxf2 Be6 ({Stronger than} 19... Nxc4 20. Be2 Be6 21. Bxc4 Bxc4 22. Rxd6) 20. Rxd6 Nxc4 ({Worse is} 20... Bxc4 21. Red1) 21. Rdd1 Ne5 22. Be3 Rfd8 {[%emt 0:02:24] Hoping for ...Nd3+.} 23. Be2 {[%emt 0:02:24] Against Nd3+} b6 24. Kf1 Nc4 25. Bxc4 Bxc4+ 26. Kf2 b5 27. Kf3 (27. a3 $142) 27... b4 {[%emt 0:04:21][%mdl 64] [#] Deflection} 28. Na4 Bxa2 {[%emt 0:02:55][%cal Bc4a2,Ba2b3,Bb3d1,Bd1c2][%mdl 32] This pair of bishops is nice.} 29. Rxd8+ Rxd8 30. Rc1 $2 (30. Nc5) 30... Bb3 {[%emt 0:02:20] Black is clearly winning.} 31. Nc5 Bd1+ 32. Kf2 Bxb2 33. Rb1 Bc3 34. Nb7 Rb8 {[%emt 0:13:27] Threatens to win with ...Bc2.} 35. Na5 (35. Nc5 $142 Rd8 36. Nb7) 35... Bc2 36. Rc1 Bxe4 {[%emt 0:00:28] White got outplayed after the opening.   Weighted Error Value: White=0.41/Black=0.09 (flawless)} 0-1

[Event "4NCL 2022-2023"]
[Site "Daventry"]
[Date "2023.02.11"]
[Round "5.7"]
[White "Steil-Antoni, Fiona"]
[Black "Ledger, Stephen C"]
[Result "1-0"]
[ECO "B01"]
[WhiteElo "2195"]
[BlackElo "1997"]
[Annotator "TA"]
[PlyCount "69"]
[EventDate "2022.10.20"]
[EventType "team-tourn"]
[EventCountry "ENG"]
[SourceTitle "playchess.com"]
[Source "ChessBase"]
[SourceQuality "1"]
[TimeControl "40/6000+30:2400+30"]

1. e4 d5 2. exd5 Qxd5 3. Nc3 Qd6 4. d4 Nf6 5. Nf3 c6 6. Ne5 Nbd7 {[%emt 0:05:27] B01: Scandinavian Defence.} 7. Nc4 Qc7 8. Qf3 Nb6 {[%emt 0:03:24] White is slightly better.} 9. Bf4 Qd7 10. Nxb6 axb6 11. O-O-O Qg4 12. Qe3 {[%emt 0:05:46] Strongly threatening d5.} Qe6 {[%emt 0:13:23] [#]} 13. d5 $1 Qxe3+ 14. Bxe3 cxd5 {[%emt 0:11:13] [#]} (14... e6 $1 $14) 15. Nb5 $146 {[%emt 0:09:30] White is more active.} (15. Bxb6 $6 e6 $14) (15. Bb5+ $16 Bd7 16. Bxd7+ (16. Bxb6 Bxb5 17. Nxb5 Rxa2 $11) 16... Kxd7 17. Nxd5 Nxd5 18. Rxd5+ Kc6 19. Rd3) ({Predecessor:} 15. Nxd5 Nxd5 16. Rxd5 e6 17. Bb5+ Ke7 18. Rd3 g6 19. Bxb6 Bh6+ 20. Kb1 e5 21. Re1 f6 22. Rc3 Bd2 23. Rc7+ Ke6 24. Rd1 Ba5 25. Bxa5 Rxa5 26. Rxc8 {1-0 Van Beek,A (2281)-Bayer,E (2256) Oberliga NRW 1819 2018 (4.4)}) 15... Kd7 $1 $11 (15... Rxa2 16. Kb1 Ra4 17. Nc7+ (17. Bxb6 e6 $14) 17... Kd7 18. Nxd5 Nxd5 19. Bb5+ (19. Rxd5+ Kc7 $14) 19... Kc7 20. Bxa4 Nxe3 21. fxe3 $16) 16. Bxb6 Kc6 17. Be3 (17. Bd4 $5 ) 17... e5 18. f4 $1 Ng4 19. Bg1 Bc5 {[%emt 0:04:50] [#] ...Bxg1 would be deadly.} 20. fxe5 $1 Bxg1 (20... Rxa2 {feels hotter.} 21. Kb1 Ra8 22. Nd4+ Bxd4 23. Bxd4 Re8) 21. Rxg1 Rxa2 22. Kb1 {[%emt 0:02:43] Repels Ra1+} Ra5 23. Nd4+ Kc7 24. Nb3 Ra7 25. Rxd5 Be6 26. Rc5+ Kb8 (26... Kb6 $1 $11) 27. h3 $36 {[%emt 0:02:41][%mdl 2048] White has some pressure.} Ne3 28. Be2 Rd8 29. g4 Ra4 30. Bf3 (30. Rb5 $14) 30... b6 31. Rc3 Nd5 (31... Nc4 $11 {and Black has nothing to worry.}) 32. Rd3 $18 {[%emt 0:00:30] Black must now prevent Rgd1.} Rf4 33. Bh1 ({Don't take} 33. Rgd1 $6 Rxf3 34. Rxf3 Nc3+ 35. bxc3 Rxd1+ 36. Kb2 Rh1 $11) (33. Bg2 $18 {Threatens to win with Rgd1.} Rd7 34. Rgd1) 33... Kc7 $2 (33... Rd7 $16 {is tougher.}) 34. Rgd1 Ne3 35. Rxd8 {[%emt 0:00:26] Weighted Error Value: White=0.15 (very precise) /Black=0.34} (35. Rxe3 $2 {perishes.} Rxd1+ 36. Nc1 Rff1 $19) 1-0

[Event "4NCL 2022-2023"]
[Site "Daventry"]
[Date "2023.02.11"]
[Round "5.8"]
[White "Varney, Zoe"]
[Black "Boswell, Jacob Connor"]
[Result "0-1"]
[ECO "B00"]
[WhiteElo "1937"]
[BlackElo "2109"]
[Annotator "TA"]
[PlyCount "58"]
[EventDate "2022.10.20"]
[EventType "team-tourn"]
[EventCountry "ENG"]
[SourceTitle "playchess.com"]
[Source "ChessBase"]
[SourceQuality "1"]
[TimeControl "40/6000+30:2400+30"]

1. d4 b5 2. e4 a6 3. Nf3 Bb7 4. Bd3 e6 5. Be3 Nf6 6. Nbd2 d6 {[%emt 0:08:47] B00: Queen's Fianchetto Defence, Nimzowitsch Defence.} 7. O-O Be7 8. c3 O-O {[%emt 0:18:06] The position is equal.} 9. Qc2 h6 10. a4 {[%emt 0:02:41] [#]} Qd7 $146 ({Predecessor:} 10... c6 11. b4 Nbd7 12. h3 Qc7 13. Rfd1 Rfc8 14. Rdc1 Nb6 {0-1 Esquivel,L-Chicco,G UECC olm1 Gr 3 corr 1999 (1)}) 11. axb5 axb5 12. Qb3 Rxa1 13. Rxa1 Nxe4 14. Nxe4 Bd5 15. Qc2 {[%emt 0:13:10] And now Ng3 would win.} ({Don't take} 15. Qxb5 $6 Qxb5 16. Bxb5 Bxe4 $14) 15... f5 {[%emt 0:00:03] [#]} 16. Nc5 dxc5 $11 17. Ne5 Qe8 18. dxc5 Bf6 19. Bd4 Nc6 20. Bxb5 $2 (20. Qe2 $11) 20... Nxd4 $19 {[%emt 0:00:30][%mdl 64] [#] Discovered Attack} ({Not} 20... Bxe5 21. Bxe5 Qe7 22. Bxc6 Bxc6 23. b4 $16) 21. cxd4 Qxb5 22. Ng6 Rb8 23. h3 Qxb2 24. Qa4 Qxd4 25. Ne7+ Kh7 ({Inferior is} 25... Bxe7 26. Qxd4 Bf6 27. Qd1 $11) 26. Qxd4 Bxd4 {[%emt 0:00:02] A strong pair of Bishops.} 27. Ra7 Rb1+ {[%emt 0:00:18] Black mates.} 28. Kh2 Be5+ 29. g3 Rh1# {[%emt 0:02:16] Artfully played by Boswell.   Weighted Error Value: White=0.97/Black=0.47} 0-1